 Dungeon Crawl Stone Soup version 0.28-a0-793-g31680bbd8b (webtiles) character file.

Game seed: 11674792412232527533

3070 Ijustatesigmund the Blocker (level 9, -1/74 HPs)
             Began as a Gnoll Fighter on Nov 4, 2021.
             Slain by an orc warrior (8 damage)
             ... on level 8 of the Dungeon.
             The game lasted 00:16:51 (11097 turns).

Ijustatesigmund the Blocker (Gnoll Fighter)        Turns: 11097, Time: 00:16:51

Health: -1/74      AC: 15    Str: 17    XL:     9   Next: 88%
Magic:  16/16      EV:  8    Int: 10    God:
Gold:   336        SH:  5    Dex: 11    Spells: 16/17 levels left

rFire   . . .      SeeInvis .   a - +0 war axe
rCold   . . .      Faith    .   c - +0 buckler
rNeg    . . .      Spirit   .   b - +0 chain mail
rPois   .          Reflect  .   o - +1 hat
rElec   .          Harm     .   k - +0 cloak
rCorr   .          Rampage  .   (no gloves)
Will    .....      Clarity  +   (no boots)
Stlth   ..........              (no amulet)
HPRegen 0.22/turn               (no ring)
MPRegen 0.15/turn               (no ring)

@: about to teleport
A: fangs 1, strong nose, distributed training, antennae 1, iridescent scales 1,
clarity, wild magic 1
a: no special abilities


You were on level 8 of the Dungeon.
You visited 2 branches of the dungeon, and saw 9 of its levels.

You collected 383 gold pieces.
You spent 47 gold pieces at shops.

Inventory:

Hand Weapons
 a - a +0 war axe (weapon)
 d - a +0 vampiric hand axe
 f - a +0 fustibalus
 p - a +3 flail
 q - a +2 vampiric dagger
Missiles
 i - 21 poisoned darts (quivered)
 l - 4 javelins
 r - 80 sling bullets
Armour
 b - a +0 chain mail (worn)
 c - a +0 buckler (worn)
 e - a +0 helmet of see invisible
 k - a +0 cloak (worn)
 o - a +1 hat (worn)
Wands
 s - a wand of flame (17)
Potions
 g - a potion of mutation
 j - a potion of cancellation


   Skills:
 + Level 8.1 Fighting
 + Level 4.6 Short Blades
 + Level 4.6 Long Blades
 + Level 6.6 Axes
 + Level 4.6 Maces & Flails
 + Level 4.6 Polearms
 + Level 4.6 Staves
 + Level 4.6 Slings
 + Level 4.6 Bows
 + Level 4.6 Crossbows
 + Level 4.6 Throwing
 + Level 8.1 Armour
 + Level 4.6 Dodging
 + Level 4.6 Stealth
 + Level 8.1 Shields
 + Level 4.6 Unarmed Combat
 + Level 4.6 Spellcasting
 + Level 3.8 Conjurations
 + Level 3.8 Hexes
 + Level 3.8 Summonings
 + Level 3.8 Necromancy
 + Level 3.8 Translocations
 + Level 3.8 Transmutations
 + Level 3.8 Fire Magic
 + Level 3.8 Ice Magic
 + Level 3.8 Air Magic
 + Level 3.8 Earth Magic
 + Level 3.8 Poison Magic
 + Level 5.1 Invocations
 + Level 4.6 Evocations


You had 16 spell levels left.
You knew the following spells:

 Your Spells              Type           Power      Damage    Failure   Level
a - Apportation           Tloc           26%        N/A       56%         1

Your spell library contained the following spells:

 Spells                   Type           Power      Damage    Failure   Level
 Sublimation of Blood     Necr           13%        N/A       71%         2
 Wereblood                Tmut           13%        N/A       71%         2
 Ozocubu's Armour         Ice            13%        N/A       89%         3
 Stone Arrow              Conj/Erth      26%        3d8       89%         3
 Animate Armour           Summ/Erth      26%        N/A       99%         4
 Animate Dead             Necr           6%         N/A       99%         4
 Cause Fear               Hex            6%         N/A       99%         4
 Alistair's Intoxication  Tmut/Pois      8%         N/A       100%        5
 Borgnjor's Vile Clutch   Necr/Erth      6%         N/A       100%        5
 Death Channel            Necr           6%         N/A       100%        6
 Invisibility             Hex            6%         N/A       100%        6
 Dragon Form              Tmut           6%         N/A       100%        7
 Ozocubu's Refrigeration  Ice            6%         4d6       100%        7
 Summon Hydra             Summ           6%         N/A       100%        7
 Lehudib's Crystal Spear  Conj/Erth      6%         10d3      100%        8
 Dragon's Call            Summ           6%         N/A       100%        9


Dungeon Overview and Level Annotations

Branches:
Dungeon (8/15)             Temple (1/1) D:5            Lair (0/6) D:8

Altars:
Ashenzari
Dithmenos
Elyvilon
Fedhas
Gozag
Makhleb
Nemelex Xobeh
Qazlal
Ru
Sif Muna
Trog
Uskayaw
Vehumet
Wu Jian
Xom
Yredelemnul
Zin
The Shining One

Shops:
D:3 *


Innate Abilities, Weirdness & Mutations

You have very sharp teeth.
Your uncanny sense of smell can sniff out nearby items.
Your experience applies equally to all skills.
You have a pair of small antennae on your head.
You are partially covered in iridescent scales. (AC +2)
You possess an exceptional clarity of mind.
Your spells are a little harder to cast, but a little more powerful.


Message History

You are too injured to fight recklessly!
The orc warrior hits you from afar with a +0 trident.
The sky beast flickers out of sight!
Deactivating autopickup; reactivate with Ctrl-A.
You closely miss something. Something hits you but does no damage.
The orc warrior hits you but does no damage.
You miss something. Something hits you but does no damage.
You block the orc warrior's attack. Something hits you but does no damage.
The orc warrior closely misses you.
You miss something. You bite something. Something hits you but does no damage.
The orc warrior misses you.
You closely miss something.
A sky beast appears from thin air!
Reactivating autopickup.
The sky beast hits you but does no damage.
The orc warrior hits you from afar with a +0 trident!
* * * LOW HITPOINT WARNING * * *
You barely miss the sky beast.
The sky beast flickers out of sight!
Deactivating autopickup; reactivate with Ctrl-A.
Something hits you but does no damage.
The orc warrior hits you but does no damage.
You miss something. Something hits you but does no damage.
The orc warrior hits you from afar with a +0 trident!
* * * LOW HITPOINT WARNING * * *
You hit something but do no damage. Something hits you but does no damage.
The orc warrior misses you. Something hits you but does no damage.
You closely miss something. You bite something.
The orc warrior hits you but does no damage.
A sky beast appears from thin air!
Reactivating autopickup.
The sky beast hits you but does no damage.
The orc warrior hits you from afar with a +0 trident.
* * * LOW HITPOINT WARNING * * *
It was a potion of magic.
Magic courses through your body.
The sky beast hits you but does no damage.
The orc warrior hits you but does no damage.
As you read the scroll of teleportation, it crumbles to dust.
You feel strangely unstable.
The sky beast hits you but does no damage.
The orc warrior hits you from afar with a +0 trident!
You die...

##<## #.# ####.# ###
##.##.# ##.##
#...#.##### ##...##∆
.........>. .....
#.....##.#.### ...
##.....§.§.... #.#
###.≈≈≈≈≈.§§§.##@#
#..§§.§§....≈§##Y#
#.#§§.#####.≈.##o#
#..§≈.....#.§...o#
#...≈.#._.#.≈..#.).....#
#.#.≈.#.....≈..####.####
#.#.≈.#####.§..# #
#...≈.......≈..#
###.≈≈≈≈≈≈≈≈≈.##


You could see an orc warrior, a sky beast and an orc.

Vanquished Creatures
  A cyclops (D:8)
  A troll (D:7)
  A komodo dragon (D:8)
  A steam dragon (D:6)
  Menkaure (D:6)
  A water moccasin (D:7)
  An orc warrior (D:5)
  A black bear (D:6)
  An ice beast (D:8)
  3 ogres
  3 centaurs
  2 kobold brigands (D:7)
  A bullfrog (D:7)
  A scorpion (D:5)
  6 killer bees
  A howler monkey (D:6)
  3 hounds
  A centaur skeleton (D:4)
  3 orc priests
  3 iguanas
  Natasha (thrice) (D:4)
  An orc wizard (D:6)
  A killer bee zombie (D:5)
  7 adders
  A shadow imp (D:5)
  2 ufetubi
  A worm (D:2)
  3 dart slugs (D:1)
  12 orcs
  4 endoplasms
  5 giant cockroaches
  9 goblins
  3 hobgoblins
  2 jackals (D:3)
  5 ball pythons
  8 bats
  3 frilled lizards
  16 kobolds
  9 rats
131 creatures vanquished.

Vanquished Creatures (others)
  4 plants
4 creatures vanquished.

Grand Total: 135 creatures vanquished

Notes
Turn   | Place    | Note
-------+----------+-------------------------------------------
     0 | D:1      | Ijustatesigmund the Gnoll Fighter began the quest for the
                  | Orb.
     0 | D:1      | Reached XP level 1. HP: 23/23 MP: 1/1
   116 | D:1      | Reached XP level 2. HP: 29/29 MP: 2/2
   339 | D:1      | Found a faded altar of an unknown god.
   366 | D:1      | Reached XP level 3. HP: 35/35 MP: 3/3
  1436 | D:2      | Reached skill level 1 in Invocations
  1636 | D:2      | Reached skill level 1 in Short Blades
  1636 | D:2      | Reached skill level 1 in Long Blades
  1636 | D:2      | Reached skill level 1 in Maces & Flails
  1636 | D:2      | Reached skill level 1 in Polearms
  1636 | D:2      | Reached skill level 1 in Staves
  1636 | D:2      | Reached skill level 1 in Slings
  1636 | D:2      | Reached skill level 1 in Bows
  1636 | D:2      | Reached skill level 1 in Crossbows
  1636 | D:2      | Reached skill level 1 in Throwing
  1636 | D:2      | Reached skill level 1 in Dodging
  1636 | D:2      | Reached skill level 1 in Stealth
  1636 | D:2      | Reached skill level 1 in Unarmed Combat
  1636 | D:2      | Reached skill level 1 in Spellcasting
  1636 | D:2      | Reached skill level 1 in Evocations
  1992 | D:2      | Learned a level 1 spell: Apportation
  2314 | D:3      | Reached XP level 4. HP: 37/41 MP: 5/5
  2362 | D:3      | Found a broken altar of Ashenzari.
  2384 | D:3      | Found an ornate altar of the Wu Jian Council.
  2443 | D:3      | Found Wann's Assorted Antiques.
  2454 | D:3      | Bought a scroll labelled FIOK QICWECA for 25 gold pieces
  2454 | D:3      | Bought a black potion for 22 gold pieces
  2456 | D:3      | Gained mutation: You possess an exceptional clarity of
                  | mind. [potion of mutation]
  2456 | D:3      | Gained mutation: You have hidden genetic potential. [potion
                  | of mutation]
  2939 | D:4      | Reached skill level 1 in Conjurations
  2939 | D:4      | Reached skill level 1 in Hexes
  2939 | D:4      | Reached skill level 1 in Summonings
  2939 | D:4      | Reached skill level 1 in Necromancy
  2939 | D:4      | Reached skill level 1 in Translocations
  2939 | D:4      | Reached skill level 1 in Transmutations
  2939 | D:4      | Reached skill level 1 in Fire Magic
  2939 | D:4      | Reached skill level 1 in Ice Magic
  2939 | D:4      | Reached skill level 1 in Air Magic
  2939 | D:4      | Reached skill level 1 in Earth Magic
  2939 | D:4      | Reached skill level 1 in Poison Magic
  3025 | D:4      | Reached XP level 5. HP: 44/47 MP: 5/7
  3118 | D:4      | Gained mutation: You have a pair of small antennae on your
                  | head. [hidden potential]
  3313 | D:4      | Noticed Natasha
  3326 | D:4      | Killed Natasha
  3491 | D:4      | Noticed Natasha
  3498 | D:4      | Killed Natasha
  3499 | D:4      | Reached XP level 6. HP: 53/53 MP: 8/8
  3581 | D:5      | Entered Level 5 of the Dungeon
  3636 | D:5      | Gained mutation: You have great hidden genetic potential.
                  | [hidden potential]
  3636 | D:5      | Lost mutation: You have great hidden genetic potential.
                  | [hidden potential expressed]
  3646 | D:5      | Reached skill level 5 in Axes
  4331 | D:4      | Noticed Natasha
  4337 | D:4      | Killed Natasha
  4632 | D:5      | Reached XP level 7. HP: 60/60 MP: 10/10
  4632 | D:5      | Gained mutation: Your spells are a little harder to cast,
                  | but a little more powerful. [hidden potential]
  4644 | D:5      | Found a hide-covered altar of Uskayaw.
  5034 | D:5      | Found a staircase to the Ecumenical Temple.
  5381 | Temple   | Entered the Ecumenical Temple
  5550 | D:6      | Noticed Menkaure
  5556 | D:6      | Killed Menkaure
  5586 | D:6      | Reached XP level 8. HP: 54/67 MP: 12/12
  5614 | D:6      | Gained mutation: You are partially covered in iridescent
                  | scales. (AC +2) [hidden potential]
  5614 | D:6      | Lost mutation: You have hidden genetic potential. [hidden
                  | potential expressed]
  7181 | D:6      | Found a blossoming altar of Fedhas.
  7181 | D:6      | Found a sacrificial altar of Ru.
  7722 | D:7      | Reached XP level 9. HP: 21/73 MP: 14/14
  8028 | D:7      | Noticed a troll
  8176 | D:7      | HP: 2/73 [troll (5)]
  8177 | D:7      | Killed a troll
  9836 | D:8      | Found a staircase to the Lair.
  9837 | D:8      | Noticed a komodo dragon
  9867 | D:8      | Killed a komodo dragon
 10272 | D:8      | Found a shadowy altar of Dithmenos.
 10296 | D:8      | Noticed a cyclops
 10764 | D:8      | Killed a cyclops
 10765 | D:8      | Reached skill level 5 in Invocations
 11023 | D:8      | Found a stormy altar of Qazlal.
 11097 | D:8      | Slain by an orc warrior

Illustrated notes

Levels and vault maps discovered:
D:1:      pf_arrival_petrified_forest, layout_basic,
          ebering_ecumenical_altar_rust, minmay_tetromino_t4
D:2:      layout_loops_corners, minivault_27, chequers_serial_rivers_micro_d
D:3:      layout_rooms, cheibrodos_ashenzari_chains,
          mainiacjoe_overflow_chevrons, serial_shops,
          nicolae_shop_overgrown_old_shop, serial_rivers,
          chequers_serial_rivers_micro_b, chequers_serial_rivers_micro_c,
          chequers_serial_rivers_micro_a, chequers_serial_rivers_small_a,
          chequers_serial_rivers_micro_a, chequers_serial_rivers_small_a
D:4:      layout_rooms, uniq_natasha
D:5:      layout_basic, nicolae_uskayaw_murder_on_the_dancefloor,
          minmay_temple_entry_wispy
D:6:      layout_loops_ring, gammafunk_temple_overflow_statue,
          chequers_serial_rivers_micro_e, kennysheep_generic_room_4,
          uniq_menkaure
D:7:      layout_loops_ring, serial_park_tiny_2
D:8:      layout_loops_corners, mainiacjoe_overflow_brackets,
          kennysheep_little_box, nicolae_hepliaklqana_hippocampus,
          david_lair_shrubbed
Temple:   jpeg_temple_clearing

Skill      XL: |  1  2  3  4  5  6  7  8  9 |
---------------+----------------------------+-----
Invocations    | 1 2 3 4 5 |  5.1
Short Blades   | 1 2 3 4 |  4.6
Long Blades    | 1 2 3 4 |  4.6
Maces & Flails | 1 2 3 4 |  4.6
Polearms       | 1 2 3 4 |  4.6
Staves         | 1 2 3 4 |  4.6
Slings         | 1 2 3 4 |  4.6
Bows           | 1 2 3 4 |  4.6
Crossbows      | 1 2 3 4 |  4.6
Throwing       | 1 2 3 4 |  4.6
Dodging        | 1 2 3 4 |  4.6
Stealth        | 1 2 3 4 |  4.6
Unarmed Combat | 1 2 3 4 |  4.6
Spellcasting   | 1 2 3 4 |  4.6
Evocations     | 1 2 3 4 |  4.6
Conjurations   | 1 2 3 |  3.8
Hexes          | 1 2 3 |  3.8
Summonings     | 1 2 3 |  3.8
Necromancy     | 1 2 3 |  3.8
Translocations | 1 2 3 |  3.8
Transmutations | 1 2 3 |  3.8
Fire Magic     | 1 2 3 |  3.8
Ice Magic      | 1 2 3 |  3.8
Air Magic      | 1 2 3 |  3.8
Earth Magic    | 1 2 3 |  3.8
Poison Magic   | 1 2 3 |  3.8
Axes           | 5 6 |  6.6
Fighting       | 7 8 |  8.1
Armour         | 7 8 |  8.1
Shields        | 7 8 |  8.1

Action                   |  1- 3 |  4- 6 |  7- 9 || total
-------------------------+-------+-------+-------++-------
Melee: War axe           |   112 |   116 |   277 ||   505
       Bite              |     5 |    12 |    32 ||    49
 Fire: Fustibalus        |       |       |    46 ||    46
Throw: Throwing net      |       |     1 |       ||     1
       Dart              |       |    11 |    22 ||    33
Evoke: Wand              |       |       |    13 ||    13
  Use: Scroll            |     1 |     4 |     6 ||    11
       Potion            |       |     6 |    10 ||    16
Armor: Scale mail        |    60 |    61 |    56 ||   177
       Chain mail        |       |       |   196 ||   196
Dodge: Dodged            |    58 |    61 |   159 ||   278
Block: Buckler           |    41 |    32 |    94 ||   167

Table legend: (Time is in decaauts)
 A = Elapsed time spent in this place.
 B = Non-inter-level travel time spent in this place.
 C = Inter-level travel time spent in this place.
 D = Time resting spent in this place.
 E = Time spent auto-exploring this place.
 F = Levels seen in this place.
 G = Mean time per level.
                   A        B        C        D        E       F      G
               +--------+--------+--------+--------+--------+-----+--------+
         Total |  11206 |  10857 |    349 |   4078 |   5217 |   9 | 1245.1 |
       Dungeon |  11066 |  10736 |    330 |   4078 |   5107 |   8 | 1383.2 |
        Temple |    139 |    121 |     18 |      0 |    110 |   1 |  139.0 |
               +--------+--------+--------+--------+--------+-----+--------+

Top non-repeatable levels by time:
     D:7: 2183 daAuts
     D:6: 1767 daAuts
     D:5: 1607 daAuts
     D:8: 1344 daAuts
     D:2: 1313 daAuts
     D:4: 1201 daAuts
     D:1: 1040 daAuts
     D:3: 609 daAuts
  Temple: 139 daAuts
